 Dungeon Crawl Stone Soup version 0.21.1-1-g345015f (webtiles) character file.

114 inc the Chiller (level 4, -2/27 HPs)
             Began as an Octopode Ice Elementalist on June 13, 2018.
             Slain by a hobgoblin (3 damage)
             ... on level 3 of the Dungeon.
             The game lasted 00:02:11 (1941 turns).

inc the Chiller (Octopode Ice Elementalist)         Turns: 1941, Time: 00:02:12

Health: -2/27      AC:  1    Str:  7    XL:     4   Next: 97%
Magic:  5/7        EV: 13    Int: 18    God:
Gold:   69         SH:  2    Dex: 12    Spells: 3/7 levels left

rFire    . . .     SeeInvis .     - Unarmed
rCold    . . .     Gourm    .   (no shield)
rNeg     . . .     Faith    .   (helmet restricted)
rPois    .         Spirit   .   e - +2 amulet of reflection
rElec    .         Reflect  +   (no ring)
rCorr    .         Harm     .   (no ring)
MR       .....                  (no ring)
Stlth    +++.......             (no ring)
HPRegen  0.09/turn              (no ring)
MPRegen  0.10/turn              (no ring)
                                (no ring)
                                (no ring)

@: very slightly contaminated
A: almost no armour, stealthy swim, amphibious, 8 rings, constrict 8, camouflage
1, gelatinous body 1
a: no special abilities


You were on level 3 of the Dungeon.
You were hungry.

You visited 1 branch of the dungeon, and saw 3 of its levels.

You collected 69 gold pieces.

Inventory:

Jewellery
 e - a +2 amulet of reflection (around mantle)
Scrolls
 c - 2 scrolls of identify {unknown}
 d - 2 scrolls of teleportation {unknown}
 g - 2 scrolls of enchant armour {unknown}
Potions
 f - a potion of flight {unknown}
 h - a potion of ambrosia {unknown}
 i - a potion of lignification {unknown}
Books
 a - a book of Frost

   Spells                             Type                      Level
   a - Freeze                         Ice                          1
   b - Throw Frost                    Conjuration/Ice              2
   c - Ozocubu's Armour               Charms/Ice                   3
   d - Throw Icicle                   Conjuration/Ice              4
   e - Summon Ice Beast               Ice/Summoning                4
Comestibles
 b - 2 rations


   Skills:
 - Level 2.0 Dodging
 - Level 2.6 Stealth
 - Level 2.8 Unarmed Combat
 - Level 2.0 Spellcasting
   Level 1.0 Conjurations
 - Level 2.4 Charms
 + Level 3.5 Ice Magic


You had 3 spell levels left.
You knew the following spells:

 Your Spells              Type           Power        Failure   Level  Hunger
a - Freeze                Ice            ##..         4%          1    #......
b - Ozocubu's Armour      Chrm/Ice       ##......     16%         3    ###....


Dungeon Overview and Level Annotations

Branches:
Dungeon (3/15)

Altars:


Innate Abilities, Weirdness & Mutations

You cannot wear most types of armour.
You are very stealthy in the water. (Stealth+)
You are amphibious.
You can wear up to eight rings at the same time.
You can use your tentacles to constrict eight enemies at once.
Your skin changes colour to match your surroundings (Stealth+).
Your rubbery body absorbs attacks. (AC +1, EV +1)


Message History

The orc wizard barely misses you.
Unknown command.
You tentacle-slap the orc.
You kill the orc!
You constrict the orc wizard.
The orc wizard points at you and mumbles some strange words.
The puff of flame hits you!
* * * LOW HITPOINT WARNING * * *
Unknown command.
Unknown command.
Okay, then.
You tentacle-slap the hobgoblin but do no damage.
Your grab misses the hobgoblin. You constrict the orc wizard.
You kill the orc wizard!
The hobgoblin closely misses you.
Unknown command.
You tentacle-slap the hobgoblin. You grab the hobgoblin.
The hobgoblin is lightly wounded.
You constrict the hobgoblin. The hobgoblin hits you.
You die...

#######
#..)..#
#.@[..#
#.g[..#
#.....#
......#
.......#
........#
.....(....
..$.........


You could see a hobgoblin.

Vanquished Creatures
  Terence (D:2)
  An orc wizard (D:3)
  2 adders (D:2)
  A dart slug (D:2)
  A leopard gecko (D:1)
  2 orcs (D:3)
  3 giant cockroaches
  5 goblins
  5 hobgoblins
  A quokka (D:2)
  A ball python (D:1)
  5 bats
  2 frilled lizards (D:2)
  7 kobolds
  6 rats
43 creatures vanquished.

Notes
Turn   | Place    | Note
-------+----------+-------------------------------------------
     0 | D:1      | inc the Octopode Ice Elementalist began the quest for the Orb.
     0 | D:1      | Reached XP level 1. HP: 11/11 MP: 3/3
    70 | D:1      | Reached skill level 1 in Unarmed Combat
   112 | D:1      | Reached XP level 2. HP: 9/17 MP: 5/5
   901 | D:2      | Reached XP level 3. HP: 12/21 MP: 6/6
  1077 | D:2      | Learned a level 3 spell: Ozocubu's Armour
  1372 | D:2      | Reached skill level 1 in Charms
  1538 | D:2      | Noticed Terence
  1553 | D:2      | Killed Terence
  1553 | D:2      | Reached XP level 4. HP: 11/27 MP: 1/7
  1939 | D:3      | HP: 1/27 [orc wizard/puff of flame (7)]
  1941 | D:3      | Slain by a hobgoblin

Skill      XL: |  1  2  3 |
---------------+----------+-----
Unarmed Combat | 1 2 |  2.8
Charms         | 2 |  2.4
Dodging        | |  2.0
Stealth        | |  2.6
Spellcasting   | |  2.0
Conjurations   | |  1.0
Ice Magic      | |  3.5

Action                   |  1- 3 |  4- 6 || total
-------------------------+-------+-------++-------
Melee: Unarmed           |   112 |    23 ||   135
       Constrict         |    23 |     6 ||    29
       Tentacles         |    18 |     3 ||    21
       Punch             |     1 |     2 ||     3
 Cast: Freeze            |     3 |       ||     3
       Ozocubu's Armour  |     1 |       ||     1
 Stab: Sleeping          |    10 |     1 ||    11
  Eat: Chunk             |     1 |     2 ||     3
Armor: Skin              |    12 |     1 ||    13
Dodge: Dodged            |    86 |    17 ||   103
Block: Other             |     4 |       ||     4
